 Dungeon Crawl Stone Soup version 0.22.0-38-g04b72b8 (webtiles) character file.

3756 Zookeeper the Slicer (level 9, -2/63 HPs)
             Began as a Demonspawn Artificer on Aug 25, 2018.
             Was a Follower of Nemelex Xobeh.
             Slain by a porcupine (4 damage)
             ... on level 7 of the Dungeon.
             The game lasted 01:18:29 (10722 turns).

Zookeeper the Slicer (Demonspawn Artificer)        Turns: 10722, Time: 01:18:30

Health: -2/63      AC:  5    Str: 14    XL:     9   Next: 94%
Magic:  12/12      EV: 27    Int: 12    God:    Nemelex Xobeh [*.....]
Gold:   445        SH:  0    Dex: 20    Spells: 8/8 levels left

rFire    . . .     SeeInvis .   C - +2 dagger (elec)
rCold    . . .     Gourm    .   (no shield)
rNeg     . . .     Faith    .   b - +0 leather armour
rPois    .         Spirit   .   L - +0 hat
rElec    .         Reflect  .   l - +1 cloak
rCorr    .         Harm     .   (no gloves)
MR       .....                  (no boots)
Stlth    +++++.....             h - amulet of the acrobat
HPRegen  0.20/turn              o - ring of wizardry
MPRegen  0.13/turn              (no ring)

@: lethally poisoned (-2 -> -3)
A: hooves 2, thin skeletal structure 2
a: Renounce Religion


You were on level 7 of the Dungeon.
You worshipped Nemelex Xobeh.
Nemelex Xobeh was aware of your devotion.
You were not hungry.

You visited 2 branches of the dungeon, and saw 10 of its levels.

You collected 445 gold pieces.

Inventory:

Hand Weapons
 g - a +5 dagger
 A - a +0 blowgun
 C - a +2 dagger of electrocution (weapon)
Missiles
 e - 8 poisoned needles
 H - 2 tomahawks (quivered)
Armour
 a - a +2 robe of resistance
 b - a +0 leather armour (worn)
 l - a +1 cloak (worn)
 u - a +0 plate armour
 L - a +0 hat (worn)
Jewellery
 h - an amulet of the acrobat (around neck)
 o - a ring of wizardry (left hand)
 y - an uncursed amulet of regeneration {unknown}
Wands
 d - a wand of enslavement (2)
 m - a wand of iceblast (2)
 F - a wand of polymorph (36)
Scrolls
 i - a scroll of random uselessness {unknown}
 k - a scroll of enchant armour
 q - a scroll of amnesia {unknown}
 s - a scroll of fear {unknown}
 x - 2 scrolls of remove curse
 K - a scroll of blinking {unknown}
Potions
 j - a potion of flight
 n - a potion of degeneration {unknown}
 p - 3 potions of haste {unknown}
 t - 2 potions of agility {unknown}
 v - a potion of magic {unknown}
 w - 3 potions of mutation
 z - 3 potions of lignification {unknown}
 G - a potion of ambrosia {unknown}
Miscellaneous
 J - a plain deck of destruction {drawn: 6}
Comestibles
 f - 10 rations


   Skills:
 + Level 3.0 Fighting
 * Level 9.6 Short Blades
 - Level 1.7 Dodging
 + Level 8.5 Stealth
 - Level 4.0 Invocations
 - Level 3.2 Evocations


You had 8 spell levels left.
You didn't know any spells.
Your spell library contained the following spells:

 Spells                   Type           Power        Failure   Level  Hunger
 Animate Skeleton         Necr           N/A          16%         1    ##.....
 Apportation              Tloc           #.....       16%         1    ##.....
 Beastly Appendage        Tmut           #.....       16%         1    ##.....
 Confusing Touch          Hex            #.....       16%         1    ##.....
 Summon Small Mammal      Summ           #...         16%         1    ##.....
 Sticks to Snakes         Tmut           #.......     26%         2    ###....
 Spider Form              Tmut/Pois      #.........   43%         3    ####...
 Ice Form                 Ice/Tmut       #.......     82%         4    #####..
 Blade Hands              Tmut           #.........   98%         5    ######.
 Bolt of Magma            Conj/Fire/Erth #.........   98%         5    ######.
 Iskenderun's Battlesphe  Conj/Chrm      #.......     98%         5    ######.
 Venom Bolt               Conj/Pois      #.........   98%         5    ######.
 Iron Shot                Conj/Erth      #.........   100%        6    #######
 Orb of Destruction       Conj           #.........   100%        7    #######
 Spellforged Servitor     Conj/Summ      #.........   100%        7    #######


Dungeon Overview and Level Annotations

Branches:
Dungeon (9/15)             Temple (1/1) D:6
   Lair: D:8-11         Orc: D:9-12

Altars:
Ashenzari
Cheibriados
Dithmenos
Elyvilon
Fedhas
Gozag
Hepliaklqana
Kikubaaqudgha
Makhleb
Nemelex Xobeh
Okawaru
Qazlal
Ru
Sif Muna
Trog
Uskayaw
Vehumet
Wu Jian
Xom
Yredelemnul
Zin
The Shining One

Shops:
D:6 (


Innate Abilities, Weirdness & Mutations

You have hoof-like feet.
You have a moderately thin skeletal structure. (Dex +4, Stealth+)


Message History

Your air elemental is struck by the porcupine's spines.
Your air elemental is destroyed!
* * * LOW HITPOINT WARNING * * *
You feel sick.
Items here: )) [[ a plate armour; a short sword; a ring mail; a mace
* * * LOW HITPOINT WARNING * * *
You feel sick.
* * * LOW HITPOINT WARNING * * *
You feel sick. The porcupine completely misses you.
* * * LOW HITPOINT WARNING * * *
You feel sick.
The porcupine twitches its whiskers.
* * * LOW HITPOINT WARNING * * *
You feel sick. The porcupine completely misses you.
* * * LOW HITPOINT WARNING * * *
You feel sick. The porcupine bites you.
You die...
Your body disappears without a glow.

[........# #.##....########.#
##...###.# #.##.#.## #.#
#.....##.# #.(....# #.#
.......#.#### #.##.### ######.#
.......#....# #.#...#####....[).
.......#....####...........####.#
#.........†......#...#...........
..........)..###r##.##.##..####..
.....#.###.>.# #@##.##.##..# #..
##....#......# #.##.##.##..# #..
#####[###...# #.##.##.##..####..
######.###...###[##..............
).)...).(..[....[......##..#####.
######.#####.....####.........##.
#...>............#######.###
#####.##############.# #.#
#................###.# #.#


You could see a porcupine.

Vanquished Creatures
  A hippogriff (D:8)
  A hungry ghost (D:7)
  An ice beast (D:7)
  2 orc warriors
  2 phantoms
  A centaur (D:6)
  6 ogres
  A crocodile (D:6)
  Blork the orc (D:6)
  2 bullfrogs
  A wyvern zombie (D:6)
  2 scorpions
  2 wights (D:7)
  5 killer bees
  A howler monkey (D:7)
  A centaur zombie (D:6)
  6 crimson imps
  5 hounds
  2 quasits (D:5)
  2 bullfrog skeletons (D:5)
  5 orc priests
  3 centaur skeletons (D:4)
  An iguana (D:7)
  7 orc wizards
  3 worker ants
  2 hound skeletons
  2 hound zombies
  3 gnolls (D:7)
  A howler monkey skeleton (D:6)
  6 adders
  A river rat (D:4)
  3 shadow imps
  2 oozes
  4 adder skeletons
  2 worms
  3 leopard geckos
  26 orcs
  3 giant cockroaches
  7 goblins
  4 hobgoblins
  3 jackals (D:3)
  4 kobolds
  A quokka (D:3)
  2 ball pythons (D:2)
  13 bats
  5 frilled lizards
  A jackal skeleton (D:4)
  A leopard gecko skeleton (D:5)
  6 rats
169 creatures vanquished.

Vanquished Creatures (collateral kills)
  An ogre (D:3)
  A bullfrog (D:7)
  A killer bee (D:7)
  3 wights (D:7)
  A crimson imp (D:6)
  2 adders
  7 orcs
16 creatures vanquished.

Vanquished Creatures (others)
  A porcupine (D:5)
  An ogre (D:6)
  An adder skeleton (D:5)
  2 orcs (D:5)
  A fire vortex (D:7)
6 creatures vanquished.

Grand Total: 191 creatures vanquished

Notes
Turn   | Place    | Note
-------+----------+-------------------------------------------
     0 | D:1      | Zookeeper the Demonspawn Artificer began the quest for the Orb.
     0 | D:1      | Reached XP level 1. HP: 15/15 MP: 3/3
    26 | D:1      | Reached skill level 1 in Short Blades
   188 | D:1      | Gained mutation: You have a somewhat thin skeletal structure. (Dex +2, Stealth) [demonic ancestry]
   188 | D:1      | Reached XP level 2. HP: 21/21 MP: 4/4
   441 | D:1      | Reached skill level 1 in Stealth
  1411 | D:2      | Gained mutation: You have a moderately thin skeletal structure. (Dex +4, Stealth+) [demonic ancestry]
  1411 | D:2      | Reached XP level 3. HP: 17/26 MP: 5/5
  1910 | D:3      | Reached skill level 2 in Short Blades
  2119 | D:3      | Found a stormy altar of Qazlal.
  2120 | D:3      | Found a deep blue altar of Sif Muna.
  2121 | D:3      | Found a basalt altar of Yredelemnul.
  2121 | D:3      | Found a sacrificial altar of Ru.
  2121 | D:3      | Found a shattered altar of Ashenzari.
  2123 | D:3      | Found a glowing silver altar of Zin.
  2123 | D:3      | Found a hazy altar of Hepliaklqana.
  2124 | D:3      | Found a hide-covered altar of Uskayaw.
  2660 | D:3      | Reached XP level 4. HP: 33/33 MP: 6/6
  2786 | D:3      | Found a burning altar of Makhleb.
  2788 | D:3      | Noticed a cacodemon
  2792 | D:3      | Noticed a hellwing
  2792 | D:3      | Noticed a neqoxec
  2908 | D:3      | Found a shadowy altar of Dithmenos.
  3020 | D:3      | Found a sparkling altar of Nemelex Xobeh.
  3021 | D:3      | Found an opulent altar of Gozag.
  3048 | D:3      | Became a worshipper of Nemelex Xobeh the Trickster
  3103 | D:3      | Noticed an ogre
  3207 | D:4      | Received a gift from Nemelex Xobeh
  3246 | D:4      | Reached skill level 1 in Invocations
  3293 | D:4      | Gained mutation: You have large cloven feet. [demonic ancestry]
  3293 | D:4      | Reached XP level 5. HP: 26/39 MP: 7/7
  3755 | D:4      | Reached skill level 3 in Short Blades
  4029 | D:4      | Found a snail-covered altar of Cheibriados.
  4077 | D:4      | Noticed an ogre
  4502 | D:3      | Killed an ogre
  4575 | D:3      | Noticed an air elemental
  4591 | D:3      | Gained mutation: You have hoof-like feet. [demonic ancestry]
  4591 | D:3      | Reached XP level 6. HP: 40/47 MP: 8/8
  4714 | D:4      | Reached skill level 4 in Short Blades
  5619 | D:5      | Entered Level 5 of the Dungeon
  5628 | D:5      | Noticed a sky beast
  5671 | D:5      | Reached skill level 5 in Short Blades
  5671 | D:5      | Reached XP level 7. HP: 52/52 MP: 10/10
  5861 | D:5      | Reached skill level 6 in Short Blades
  6176 | D:5      | Reached * piety under Nemelex Xobeh
  6176 | D:5      | Received a gift from Nemelex Xobeh
  6241 | D:5      | Reached XP level 8. HP: 57/58 MP: 11/11
  6561 | D:6      | Noticed Blork the orc
  6566 | D:6      | Killed Blork the orc
  6755 | D:6      | Reached skill level 7 in Short Blades
  7060 | D:6      | Found Roirharuba's Antique Weapon Shoppe.
  7204 | D:5      | Reached skill level 5 in Stealth
  7865 | D:6      | Found a staircase to the Ecumenical Temple.
  7873 | Temple   | Entered the Ecumenical Temple
  7995 | Temple   | Received a gift from Nemelex Xobeh
  8358 | D:6      | Reached skill level 8 in Short Blades
  8532 | D:6      | Reached XP level 9. HP: 30/63 MP: 12/12
  9526 | D:7      | Reached skill level 9 in Short Blades
  9759 | D:8      | Noticed a queen bee
 10713 | D:7      | HP: 3/63 [poisoned by a killer bee]
 10721 | D:7      | HP: 2/63 [poisoned by a killer bee]
 10722 | D:7      | Slain by a porcupine

Skill      XL: |  1  2  3  4  5  6  7  8  9 |
---------------+----------------------------+-----
Short Blades   | 1 2 3 5 6 8 9 |  9.6
Stealth        | 1 2 3 6 8 |  8.5
Fighting       | 2 3 |  3.0
Invocations    | 1 3 4 |  4.0
Dodging        | |  1.7
Evocations     | |  3.2

Action                   |  1- 3 |  4- 6 |  7- 9 || total
-------------------------+-------+-------+-------++-------
Melee: Short sword       |   152 |   132 |       ||   284
       Kick              |       |    31 |   107 ||   138
       Dagger            |       |    17 |   329 ||   346
 Fire: Blowgun           |       |       |     4 ||     4
Throw: Tomahawk          |       |       |     5 ||     5
Evoke: Wand              |    15 |    15 |    17 ||    47
       Deck              |       |     6 |    19 ||    25
  Use: Potion            |     2 |       |     3 ||     5
       Scroll            |       |     3 |     8 ||    11
 Stab: Sleeping          |    12 |     4 |    11 ||    27
       Paralysed         |       |     1 |       ||     1
       Distracted        |       |       |     2 ||     2
  Eat: Ration            |     1 |     1 |     2 ||     4
       Chunk             |     2 |     6 |     9 ||    17
Armor: Leather armour    |    52 |    23 |    53 ||   128
Dodge: Dodged            |   126 |    98 |   182 ||   406
